Map: [ESL] Royal Blood

Players

Cham

  • Race: Zerg Zerg

NightMare - Winner!

  • Race: Protoss Protoss

Event: IEM Katowice 2023

VOD

Have the link to the VOD?

Description

Time

  • Played on: Feb. 8, 2023, 5:27 a.m.
  • Length: 10:32

All games in this series

Show
View Real Time Build Order
Export as new Build Order

Cham Zerg 

Build Orders: Hatch First 

Get SALT Encoding   

  12  0:00  Drone  
  13  0:13  Overlord  
  13  0:18  Drone  
  14  0:31  Drone x2  
  16  0:50  Hatchery  
  16  0:53  Drone  
  16  0:58  Drone  
  16  0:59  Drone  
  18  1:16  Spawning Pool  
  18  1:17  Extractor  
  18  1:18  Drone  
  17  1:20  Drone  
  18  1:29  Drone  
  19  1:42  Drone  
  20  1:55  Overlord  
  20  2:04  Queen x2  
  20  2:05  Zergling x4  
  26  2:15  Drone x2  
  28  2:17  Metabolic Boost  
  28  2:37  Hatchery  
  28  2:40  Drone x2  
  29  2:46  Queen  
  31  2:51  Overlord  
  31  2:54  Drone  
  31  2:57  Drone  
  33  3:04  Spore Crawler  
  32  3:08  Drone x2  
  32  3:10  Queen  
  36  3:13  Drone  
  36  3:14  Drone  
  36  3:16  Drone  
  39  3:20  Drone  
  39  3:21  Drone  
  39  3:26  Drone x2  
  43  3:36  Overlord  
  42  3:48  Zergling x2  
  42  3:49  Overlord  
  42  3:50  Drone x2  
  42  3:51  Queen  
  42  3:53  Evolution Chamber  
  42  3:54  Overlord  
  46  3:56  Drone x3  
  46  4:02  Overlord  
  49  4:09  Roach Warren  
  49  4:10  Extractor, Drone  
  49  4:14  Drone  
  49  4:15  Zergling x8  
  54  4:21  Zergling x8  
  58  4:24  Spore Crawler  
  58  4:27  Zergling x2, Spore Crawler  
  57  4:36  Overlord  
  57  4:44  Overlord  
  56  4:51  Roach x7  
  70  4:55  Overlord  
  70  5:00  Roach x2  
  70  5:04  Overlord  
  73  5:07  Roach  
  73  5:11  Zergling x6  
  73  5:13  Zergling x2  
  78  5:16  Ravager x2  
  78  5:19  Zergling x4  
  82  5:26  Zergling x2  
  82  5:27  Zergling x10  
  82  5:36  Zergling x8  
  82  5:40  Ravager x2  
  82  5:42  Zergling x2  
  86  5:50  Zergling x2  
  86  5:58  Ravager  
  86  5:59  Ravager  
  86  6:01  Zergling x6  
  80  6:06  Zergling x8  
  83  6:14  Zergling x2  
  83  6:17  Zergling x4  
  79  6:19  Zergling x2  
  79  6:20  Queen x2  
  79  6:22  Lair, Overlord x2  
  81  6:30  Drone  
  81  6:31  Drone  
  80  6:39  Drone  
  79  6:40  Drone  
  79  6:41  Drone  
  79  6:46  Drone  
  82  6:50  Drone x2  
  82  6:52  Drone  
  82  6:53  Extractor, Drone x2  
  86  6:58  Drone  
  87  7:02  Evolution Chamber  
  87  7:04  Hatchery  
  87  7:05  Drone x3  
  87  7:06  Extractor  
  84  7:16  Spore Crawler  
  80  7:23  Overseer  
  80  7:27  Drone x6  
  80  7:28  Drone x3  
  90  7:33  Drone x2  
  90  7:39  Drone x6  
  94  7:44  Zerg Missile Weapons Level 1  
  94  7:45  Infestation Pit, Drone  
  94  7:50  Drone  
  94  7:51  Drone x2  
  97  7:53  Overlord  
  97  7:54  Overlord x2, Glial Reconstitution  
  97  7:59  Extractor  
  97  8:00  Extractor, Drone  
  97  8:02  Overlord  
  96  8:06  Overlord  
  96  8:12  Drone  
  97  8:13  Overlord  
  97  8:19  Drone x3  
  100  8:21  Overlord  
  100  8:23  Drone x7  
  107  8:27  Overlord  
  107  8:31  Roach x3  
  113  8:39  Roach x2  
  113  8:40  Roach  
  119  8:41  Overlord  
  119  8:50  Roach x2  
  119  8:52  Baneling Nest  
  122  8:57  Hatchery  
  122  9:00  Roach x6  
  132  9:04  Roach x2  
  132  9:05  Roach  
  138  9:11  Roach  
  138  9:12  Roach  
  138  9:13  Roach x2  
  138  9:17  Roach  
  138  9:18  Roach  
  138  9:19  Roach x2  
  138  9:20  Roach x2  
  138  9:22  Roach  
  139  9:25  Roach x2  
  139  9:26  Roach  
  139  9:29  Roach x2  
  117  9:35  Roach  
  117  9:36  Roach x3  
  110  9:41  Roach  
  110  9:42  Roach x2  
  104  9:46  Ravager x8  
  104  9:49  Roach x2  
  104  9:50  Roach  
  116  9:54  Roach  
  116  9:55  Roach  
  116  9:56  Roach  
  116  9:58  Zergling x2  
  115  10:08  Spore Crawler, Zergling x6  
Show
View Real Time Build Order
Export as new Build Order

NightMare Protoss - Winner!

Build Orders: 1 Gate Expand 

Get SALT Encoding   

  12  0:00  Probe  
  13  0:12  Probe  
  14  0:19  Pylon  
  14  0:24  Probe  
  15  0:37  Probe (Chrono Boost)  
  15  0:39  Gateway  
  16  0:46  Probe (Chrono Boost)  
  16  0:49  Assimilator  
  17  0:51  Probe (Chrono Boost)  
  18  1:03  Probe  
  19  1:15  Probe  
  20  1:26  Nexus  
  20  1:36  Cybernetics Core  
  20  1:40  Probe  
  21  1:47  Assimilator  
  21  1:52  Probe  
  22  1:56  Pylon  
  22  2:04  Probe  
  23  2:12  Adept (Chrono Boost)  
  25  2:16  Probe  
  25  2:19  Stargate  
  26  2:28  Probe  
  26  2:29  Warp Gate  
  27  2:34  Adept  
  29  2:38  Probe  
  29  2:40  Probe  
  31  2:51  Probe  
  32  2:53  Probe  
  33  3:03  Probe  
  33  3:05  Probe  
  39  3:14  Void Ray (Chrono Boost)  
  39  3:15  Probe  
  39  3:16  Adept  
  39  3:17  Probe  
  43  3:20  Pylon  
  43  3:27  Probe  
  43  3:29  Probe  
  45  3:36  Twilight Council  
  45  3:39  Probe  
  47  3:41  Probe  
  47  3:51  Probe  
  47  3:53  Gateway, Probe  
  49  3:59  Gateway  
  49  4:04  Oracle (Chrono Boost)  
  52  4:12  Nexus, Resonating Glaives (Chrono Boost)  
  52  4:14  Pylon  
  52  4:21  Pylon  
  52  4:25  Probe x2  
  54  4:31  Assimilator  
  54  4:33  Shield Battery  
  54  4:37  Probe x2  
  56  4:43  Adept  
  58  4:48  Robotics Facility  
  58  4:50  Probe x2  
  60  4:52  Assimilator  
  60  4:54  Pylon  
  60  4:58  Adept x2  
  64  5:03  Shield Battery  
  64  5:06  Probe x2  
  66  5:17  Adept  
  66  5:20  Shield Battery  
  66  5:21  Shield Battery, Gateway  
  68  5:25  Dark Shrine  
  68  5:28  Adept  
  70  5:33  Adept  
  72  5:38  Adept  
  72  5:42  Immortal  
  76  5:52  Adept  
  76  5:56  Adept  
  80  6:01  Adept  
  74  6:13  Adept  
  74  6:17  Probe (Chrono Boost)  
  74  6:18  Probe (Chrono Boost)  
  70  6:28  Pylon  
  70  6:30  Probe (Chrono Boost)  
  76  6:36  Probe (Chrono Boost)  
  76  6:38  Probe (Chrono Boost)  
  77  6:41  Dark Templar x2  
  77  6:45  Pylon  
  77  6:48  Pylon x2  
  77  6:53  Blink (Chrono Boost)  
  77  6:57  Robotics Bay  
  77  6:59  Nexus  
  77  7:00  Pylon  
  77  7:03  Probe  
  77  7:06  Probe, Immortal (Chrono Boost)  
  83  7:15  Probe  
  84  7:19  Stalker x4  
  84  7:20  Shield Battery  
  90  7:23  Probe  
  90  7:27  Probe  
  92  7:30  Shield Battery  
  92  7:39  Pylon  
  92  7:44  Immortal (Chrono Boost)  
  92  7:48  Dark Templar x2  
  100  7:51  Dark Templar  
  100  7:57  Pylon  
  102  8:01  Archon x2, Gateway  
  102  8:11  Gateway  
  102  8:13  Gateway, Probe x3  
  102  8:19  Warp Prism (Chrono Boost)  
  107  8:28  Probe x3  
  107  8:30  Assimilator  
  107  8:32  Pylon, Assimilator  
  106  8:43  Zealot  
  106  8:44  Zealot x3  
  114  8:49  Observer  
  114  8:53  Pylon  
  115  8:56  Gateway  
  115  8:58  Forge  
  115  9:08  Stalker x2  
  115  9:09  Stalker x4  
  127  9:17  Stalker  
  115  9:31  Stalker  
  115  9:32  Stalker x5  
  115  9:56  Dark Templar x8  
  125  10:08  Nexus  

Tags
 
Add a new tag
Caveats
  • Supply blocks, unpowered buildings, or Contaminate may cause inaccurate times.
  • Supply counts are checked every 10 seconds.